[ PARTIDA AOE2 · #457584279 ]
Team RMPersas vs Franks
[ ANÁLISIS DE REPETICIÓN · EXTRAÍDO DE LA PARTIDA GRABADA ]
Feudal
11:15
Castillos
—
Imperial
—
| APM promedio | 22.8 |
| APM pico | 150 |
| eAPM promedio | 14.0 |
| Aldeanos / militares | 44 / 31 |
Foco
⚔️ 31.9% · 🌾 68.1%
Spearman ×25 · Fishing Ship ×21 · Fire Galley ×6
Feudal
—
Castillos
—
Imperial
—
| APM promedio | 13.2 |
| APM pico | 39 |
| eAPM promedio | 5.1 |
| Aldeanos / militares | 25 / 3 |
Foco
⚔️ 15.5% · 🌾 84.5%
Fishing Ship ×6 · Militia ×3
Feudal
23:23
Castillos
—
Imperial
—
| APM promedio | 5.9 |
| APM pico | 12 |
| eAPM promedio | 3.9 |
| Aldeanos / militares | 41 / 0 |
Foco
⚔️ 19.0% · 🌾 81.0%
Feudal
—
Castillos
—
Imperial
—
| APM promedio | 23.4 |
| APM pico | 47 |
| eAPM promedio | 9.3 |
| Aldeanos / militares | 25 / 80 |
Foco
⚔️ 25.7% · 🌾 74.3%
Scout Cavalry ×65 · Fishing Ship ×38 · Demolition Raft ×14 · Monk ×1
Mapa de la partida
Recursos iniciales + cada clic de construcción. Líneas = muros · curvas = relieve. ◆ oro · ⬟ piedra · ● bayas · ✦ reliquia · ◌ hueco del cierre
Tu base· ✓ Separados por el mapa
Base de Larient6435· ✓ Separados por el mapa
Base de MrAlwaysWins· ✓ Separados por el mapa
Base de CanKurt0· ✓ Separados por el mapa
Terreno inicial suavizado · ◌ = hueco del cierre detectado · pasá el cursor para detalles
Inputs por minuto
— leehunt85 - - Larient6435
Build order — leehunt85
133 acciones detectadas en el replay
| 1:48 | Construir | Town Center |
| 2:05 | Construir | House |
| 2:39 | Construir | House |
| 2:49 | Crear | Villager (Male) |
| 2:49 | Crear | Villager (Male) |
| 2:50 | Crear | Villager (Male) |
| 2:50 | Crear | Villager (Male) |
| 2:50 | Crear | Villager (Male) |
| 3:12 | Construir | House |
| 3:18 | Construir | House |
| 3:23 | Construir | House |
| 3:37 | Crear | Villager (Male) |
| 3:37 | Crear | Villager (Male) |
| 3:50 | Construir | House |
| 3:56 | Construir | House |
| 4:10 | Construir | Dock |
| 4:16 | Crear | Villager (Male) |
| 5:12 | Crear | Villager (Male) |
| 5:12 | Crear | Villager (Male) |
| 5:13 | Crear | Villager (Male) |
| 5:33 | Crear | Villager (Male) |
| 5:53 | Crear | Villager (Male) |
| 5:59 | Crear | Fishing Ship |
| 6:18 | Crear | Villager (Male) |
| 7:31 | Crear | Fishing Ship |
| 7:32 | Crear | Fishing Ship |
| 8:40 | Crear | Villager (Male) |
| 9:06 | Construir | Mining Camp |
| 9:11 | Investigar | Feudal Age |
| 11:15 | Edad | Edad Feudal |
| 12:23 | Construir | Town Center |
| 12:59 | Construir | Lumber Camp |
| 15:10 | Crear | Villager (Male) |
| 15:10 | Crear | Villager (Male) |
| 15:11 | Crear | Villager (Male) |
| 15:11 | Crear | Villager (Male) |
| 15:16 | Crear | Fishing Ship |
| 15:16 | Crear | Fishing Ship |
| 15:16 | Crear | Fishing Ship |
| 16:34 | Crear | Villager (Male) |
| 16:35 | Crear | Villager (Male) |
| 16:35 | Crear | Villager (Male) |
| 16:35 | Crear | Villager (Male) |
| 16:48 | Crear | Villager (Male) |
| 16:48 | Crear | Villager (Male) |
| 17:07 | Crear | Fishing Ship |
| 17:07 | Crear | Fishing Ship |
| 17:50 | Crear | Villager (Male) |
| 17:51 | Crear | Villager (Male) |
| 17:51 | Crear | Villager (Male) |
| 17:51 | Crear | Villager (Male) |
| 18:02 | Crear | Fishing Ship |
| 18:34 | Crear | Villager (Male) |
| 19:04 | Crear | Fire Galley |
| 19:17 | Crear | Fire Galley |
| 19:49 | Construir | Mill |
| 19:59 | Crear | Villager (Male) |
| 19:59 | Crear | Villager (Male) |
| 20:21 | Crear | Fishing Ship |
| 20:22 | Crear | Fishing Ship |
| 21:36 | Construir | Farm |
| 21:40 | Crear | Villager (Male) |
| 21:41 | Crear | Villager (Male) |
| 21:46 | Crear | Fishing Ship |
| 21:46 | Crear | Fishing Ship |
| 22:19 | Crear | Fishing Ship |
| 22:20 | Crear | Fishing Ship |
| 22:26 | Construir | Farm |
| 22:32 | Construir | Farm |
| 22:36 | Crear | Villager (Male) |
| 23:01 | Crear | Fire Galley |
| 23:02 | Crear | Fire Galley |
| 24:09 | Crear | Fire Galley |
| 24:09 | Crear | Fire Galley |
| 24:18 | Construir | House |
| 24:26 | Construir | Blacksmith |
| 24:40 | Construir | Farm |
| 24:47 | Investigar | Horse Collar |
| 25:29 | Construir | Market |
| 25:56 | Construir | Barracks |
| 26:03 | Crear | Villager (Male) |
| 26:03 | Crear | Villager (Male) |
| 26:04 | Crear | Villager (Male) |
| 26:04 | Crear | Villager (Male) |
| 26:52 | Crear | Spearman |
| 26:52 | Crear | Spearman |
| 26:53 | Crear | Spearman |
| 26:53 | Crear | Spearman |
| 26:53 | Crear | Spearman |
| 27:32 | Crear | Spearman |
| 27:32 | Crear | Spearman |
| 27:32 | Crear | Spearman |
| 28:16 | Construir | Barracks |
| 28:30 | Crear | Fishing Ship |
| 28:31 | Crear | Fishing Ship |
| 28:50 | Construir | House |
| 28:57 | Construir | House |
| 29:15 | Crear | Spearman |
| 29:15 | Crear | Spearman |
| 29:16 | Crear | Spearman |
| 29:16 | Crear | Spearman |
| 29:16 | Crear | Spearman |
| 29:16 | Crear | Spearman |
| 29:16 | Crear | Spearman |
| 29:17 | Crear | Spearman |
| 29:17 | Crear | Spearman |
| 29:17 | Crear | Spearman |
| 29:21 | Crear | Spearman |
| 29:21 | Crear | Spearman |
| 29:21 | Crear | Spearman |
| 29:31 | Investigar | Forging |
| 29:42 | Construir | House |
| 29:50 | Construir | House |
| 30:03 | Construir | House |
| 30:06 | Construir | House |
| 30:10 | Construir | House |
| 30:51 | Construir | Watch Tower |
| 32:12 | Construir | Watch Tower |
| 33:00 | Crear | Fishing Ship |
| 33:00 | Crear | Fishing Ship |
| 33:01 | Crear | Fishing Ship |
| 33:01 | Crear | Fishing Ship |
| 34:18 | Investigar | Town Watch |
| 34:29 | Construir | Barracks |
| 34:56 | Crear | Villager (Male) |
| 34:56 | Crear | Villager (Male) |
| 34:56 | Crear | Villager (Male) |
| 34:56 | Crear | Villager (Male) |
| 34:57 | Crear | Villager (Male) |
| 35:21 | Crear | Spearman |
| 35:21 | Crear | Spearman |
| 35:26 | Crear | Spearman |
| 35:27 | Crear | Spearman |
Build order — Larient6435
59 acciones detectadas en el replay
| 1:22 | Construir | Dock |
| 3:04 | Construir | Town Center |
| 4:26 | Crear | Villager (Male) |
| 4:26 | Crear | Villager (Male) |
| 4:26 | Crear | Villager (Male) |
| 4:27 | Crear | Villager (Male) |
| 4:27 | Crear | Villager (Male) |
| 4:36 | Construir | House |
| 4:37 | Construir | House |
| 5:40 | Crear | Villager (Male) |
| 5:40 | Crear | Villager (Male) |
| 5:41 | Crear | Villager (Male) |
| 5:41 | Crear | Villager (Male) |
| 6:29 | Investigar | Loom |
| 7:25 | Construir | House |
| 7:26 | Construir | House |
| 7:29 | Crear | Fishing Ship |
| 7:30 | Crear | Fishing Ship |
| 10:08 | Crear | Fishing Ship |
| 10:08 | Crear | Fishing Ship |
| 10:08 | Crear | Fishing Ship |
| 10:08 | Crear | Fishing Ship |
| 10:35 | Construir | Barracks |
| 13:17 | Crear | Militia |
| 13:17 | Crear | Militia |
| 13:17 | Crear | Militia |
| 13:22 | Investigar | Feudal Age |
| 18:10 | Construir | Mining Camp |
| 28:41 | Construir | Lumber Camp |
| 31:14 | Construir | Town Center |
| 32:34 | Investigar | Feudal Age |
| 33:23 | Construir | House |
| 33:26 | Construir | House |
| 33:28 | Construir | House |
| 33:29 | Construir | House |
| 33:31 | Construir | House |
| 34:15 | Crear | Villager (Male) |
| 34:16 | Crear | Villager (Male) |
| 34:16 | Crear | Villager (Male) |
| 34:16 | Crear | Villager (Male) |
| 34:16 | Crear | Villager (Male) |
| 34:16 | Crear | Villager (Male) |
| 34:17 | Crear | Villager (Male) |
| 34:17 | Crear | Villager (Male) |
| 34:17 | Crear | Villager (Male) |
| 34:18 | Crear | Villager (Male) |
| 34:18 | Crear | Villager (Male) |
| 34:18 | Crear | Villager (Male) |
| 34:18 | Crear | Villager (Male) |
| 34:19 | Crear | Villager (Male) |
| 34:19 | Crear | Villager (Male) |
| 34:19 | Crear | Villager (Male) |
| 34:49 | Construir | House |
| 34:51 | Construir | House |
| 34:53 | Construir | House |
| 34:54 | Construir | House |
| 34:56 | Construir | House |
| 34:58 | Construir | House |
| 35:00 | Construir | House |
Build order — MrAlwaysWins
57 acciones detectadas en el replay
| 2:37 | Construir | Town Center |
| 3:59 | Crear | Villager (Male) |
| 4:00 | Crear | Villager (Male) |
| 4:00 | Crear | Villager (Male) |
| 4:00 | Crear | Villager (Male) |
| 4:00 | Crear | Villager (Male) |
| 4:08 | Construir | House |
| 4:10 | Construir | House |
| 4:13 | Construir | House |
| 4:16 | Construir | House |
| 5:46 | Crear | Villager (Male) |
| 5:46 | Crear | Villager (Male) |
| 6:08 | Construir | Mining Camp |
| 6:16 | Crear | Villager (Male) |
| 6:16 | Crear | Villager (Male) |
| 6:55 | Crear | Villager (Male) |
| 7:40 | Crear | Villager (Male) |
| 7:41 | Crear | Villager (Male) |
| 7:41 | Crear | Villager (Male) |
| 8:17 | Crear | Villager (Male) |
| 8:24 | Crear | Villager (Male) |
| 8:26 | Investigar | Loom |
| 11:05 | Construir | Town Center |
| 13:29 | Crear | Villager (Male) |
| 13:30 | Crear | Villager (Male) |
| 13:30 | Crear | Villager (Male) |
| 13:30 | Crear | Villager (Male) |
| 13:30 | Crear | Villager (Male) |
| 13:33 | Crear | Villager (Male) |
| 19:21 | Construir | Town Center |
| 21:19 | Investigar | Feudal Age |
| 21:19 | Investigar | Feudal Age |
| 23:23 | Edad | Edad Feudal |
| 23:52 | Construir | Mill |
| 24:12 | Construir | Market |
| 24:56 | Construir | Town Center |
| 27:35 | Construir | Town Center |
| 28:20 | Crear | Villager (Male) |
| 28:20 | Crear | Villager (Male) |
| 28:20 | Crear | Villager (Male) |
| 28:20 | Crear | Villager (Male) |
| 28:21 | Crear | Villager (Male) |
| 28:23 | Crear | Villager (Male) |
| 28:56 | Crear | Villager (Male) |
| 30:14 | Crear | Villager (Male) |
| 30:15 | Crear | Villager (Male) |
| 30:15 | Crear | Villager (Male) |
| 33:28 | Crear | Villager (Male) |
| 33:29 | Crear | Villager (Male) |
| 33:29 | Crear | Villager (Male) |
| 33:29 | Crear | Villager (Male) |
| 33:35 | Crear | Villager (Male) |
| 33:35 | Crear | Villager (Male) |
| 35:36 | Crear | Villager (Male) |
| 35:37 | Crear | Villager (Male) |
| 35:37 | Crear | Villager (Male) |
| 35:38 | Crear | Villager (Male) |
Build order — CanKurt0
89 acciones detectadas en el replay
| 0:09 | Construir | House |
| 0:10 | Construir | House |
| 0:11 | Construir | House |
| 0:25 | Construir | Town Center |
| 2:07 | Crear | Villager (Male) ×4 |
| 2:35 | Crear | Villager (Male) |
| 2:35 | Crear | Villager (Male) |
| 3:22 | Crear | Villager (Male) |
| 3:23 | Crear | Villager (Male) |
| 3:46 | Crear | Villager (Male) |
| 3:46 | Crear | Villager (Male) |
| 4:24 | Crear | Villager (Male) |
| 4:49 | Construir | Dock |
| 5:27 | Construir | Dock |
| 6:34 | Construir | Lumber Camp |
| 6:48 | Crear | Fishing Ship ×5 |
| 6:50 | Crear | Fishing Ship |
| 6:59 | Crear | Villager (Male) ×2 |
| 6:59 | Crear | Villager (Male) ×2 |
| 7:33 | Construir | Dock |
| 7:45 | Construir | House |
| 8:15 | Construir | House |
| 8:17 | Construir | House |
| 8:28 | Crear | Fishing Ship ×3 |
| 9:04 | Construir | Dock |
| 9:22 | Crear | Fishing Ship ×3 |
| 9:34 | Construir | House |
| 9:36 | Construir | House |
| 9:52 | Crear | Fishing Ship |
| 10:18 | Crear | Fishing Ship ×2 |
| 11:04 | Construir | Mining Camp |
| 11:15 | Investigar | Feudal Age |
| 12:16 | Crear | Fishing Ship ×5 |
| 13:50 | Investigar | Wheelbarrow |
| 14:03 | Crear | Villager (Male) ×5 |
| 14:03 | Crear | Villager (Male) ×5 |
| 14:40 | Crear | Demolition Raft ×3 |
| 14:57 | Construir | Mill |
| 15:44 | Construir | Barracks |
| 16:21 | Crear | Fishing Ship |
| 16:21 | Crear | Fishing Ship ×5 |
| 16:22 | Crear | Fishing Ship ×4 |
| 16:27 | Construir | House |
| 16:29 | Construir | House |
| 17:33 | Construir | Lumber Camp |
| 18:46 | Construir | Stable |
| 19:13 | Construir | Stable |
| 19:36 | Investigar | Tech 906 |
| 19:51 | Construir | House |
| 19:53 | Construir | House |
| 20:42 | Construir | Market |
| 20:53 | Crear | Scout Cavalry ×5 |
| 20:53 | Crear | Scout Cavalry ×5 |
| 20:53 | Crear | Scout Cavalry ×5 |
| 20:54 | Crear | Scout Cavalry ×5 |
| 20:54 | Crear | Scout Cavalry ×5 |
| 20:54 | Crear | Scout Cavalry ×5 |
| 21:22 | Crear | Fishing Ship ×4 |
| 21:22 | Crear | Fishing Ship ×4 |
| 21:39 | Construir | Farm |
| 21:44 | Construir | Farm |
| 22:13 | Crear | Demolition Raft |
| 22:13 | Crear | Demolition Raft |
| 22:34 | Crear | Demolition Raft |
| 22:34 | Crear | Demolition Raft |
| 22:35 | Crear | Demolition Raft |
| 22:35 | Crear | Demolition Raft |
| 23:03 | Construir | House |
| 23:04 | Construir | House |
| 23:22 | Investigar | Castle Age |
| 24:04 | Crear | Demolition Raft ×5 |
| 24:22 | Investigar | Gold Mining |
| 24:28 | Construir | House |
| 24:29 | Construir | House |
| 24:30 | Construir | House |
| 26:27 | Investigar | Light Cavalry (upgrade) |
| 26:28 | Investigar | Husbandry |
| 26:34 | Investigar | Husbandry |
| 29:18 | Construir | Town Center |
| 29:23 | Crear | Monk |
| 29:38 | Investigar | Hand Cart |
| 34:07 | Crear | Scout Cavalry ×5 |
| 34:08 | Crear | Scout Cavalry ×5 |
| 34:08 | Crear | Scout Cavalry ×5 |
| 34:08 | Crear | Scout Cavalry ×5 |
| 34:08 | Crear | Scout Cavalry ×5 |
| 34:09 | Crear | Scout Cavalry ×5 |
| 34:09 | Crear | Scout Cavalry ×5 |
| 35:30 | Construir | Castle |
Cronología de la partida
| 1:22 | Larient6435 · first_building Dock |
| 4:10 | leehunt85 · first_building Dock |
| 4:49 | CanKurt0 · first_building Dock |
| 10:35 | Larient6435 · first_building Barracks |
| 11:15 | leehunt85 · age_up feudal |
| 15:44 | CanKurt0 · first_building Barracks |
| 18:46 | CanKurt0 · first_building Stable |
| 23:23 | MrAlwaysWins · age_up feudal |
| 24:35 | MrAlwaysWins · first_market_buy 100 stone |
| 25:56 | leehunt85 · first_building Barracks |
| 34:19 | CanKurt0 · first_market_buy 500 stone |
| 35:30 | CanKurt0 · first_building Castle |
| 35:56 | leehunt85 · resign |
[ ANÁLISIS IA · 1 CRÉDITO ]
¿Qué pasó realmente en esta partida?
Wolo.gg analiza cada decisión: build order, eco, micro, errores típicos por bracket. Análisis personalizado por WhatsApp o Discord en 30 segundos.
Guía civ
Persas
Guía mapa
Pilgrims
Perfil
leehunt85